Unix NetHack Version 5.0.0-0 post-release - last build Jun 10 2026 00:39:30 (3ee93aec679c4c4259841fe613dc97188e26a321,branch:main).

Game began 2026-06-14 02:44:12, ended 2026-06-14 02:57:13.

DiePARTEI, neutral female human Tourist

                                ---
 ----                        ----.---        ---                   ----
 |..|                        |..@...---     --.--       ---        |..|
 |..|                        |.G).....|     |..<|--------.---      |..|
 |..|          ----------------.......-------...||....||....---    |-.|
 |..--      ---|...............+..)....%...|....--...--|......--   |..|
 |...--    --..|..-------........-.....).............| ---.....-----.--
 |....|    |.....--     ---..---.........----.......---- |-..........|
 |..-.--   --.----       --...--........--  |..--......---....--------  -----
 |.....|    |.| ----    --.---..........|   |..|------........|       ---...|
 --....--   |.| |..-- ---..| --.......---   ----   --.........|       |.....---
 ---....|  --.| |...---....|  --.....-|            |..........---------.......|
 |.....-- --..| --...|.....|   --.....|            |..........................|
 |.....-- |>..| --.........|    |....--        --- |............--.---------.--
 --.....| |.|.|--.........--    |....|        --.-----...............---   ---
  ---...| |.|.||..........|     ---..|        |....--....---...........|
    ---.--|...|--.........-----   ----        |..........--|......--...|
      |...|.--- |...........|.|               |...........|---...----.--
      ---....|  --....---.....|               ----.--.|...|  --..|  ---
        |.|.--   ---.-- --.----                  -------.--   ----
        -----      ---   ---                           ---
DiePARTEI the Sightseer     St:14 Dx:14 Co:10 In:13 Wi:9 Ch:14  Neutral
Dlvl:6  $:134 HP:0(36) Pw:14(14) AC:8  Xp:4 T:1231 

Latest messages:
 The gnome hits!
 The dwarf hits!
 The gnome hits!
 The dwarf hits!
 In what direction? 2
 The dart hits it.
 In what direction? 2
 The dart misses.
 In what direction? 2
 The dart misses.
 In what direction? 2
 The dart misses the dwarf.
 The dwarf hits!
 Are you sure you want to pray? [yn] (n) y
 You begin praying to The Lady.
 You are surrounded by a shimmering light.
 You feel something move nearby.
 The dwarf starts to attack you, but pulls back.
 The dwarf starts to attack you, but pulls back.
 The gnome starts to attack you, but pulls back.
 You finish your prayer.
 You feel that The Lady is well-pleased.
 You feel much better.
 In what direction? 2
 The dart hits the dwarf.
 It hits!
 The gnome thrusts his dagger.
 The gnome hits!
 In what direction? 2
 You kill the dwarf!
 It hits!
 The gnome thrusts his dagger.
 The gnome hits!
 In what direction? 1
 The dart misses the gnome.
 It hits!
 The gnome thrusts his dagger.
 The gnome hits!
 What do you want to drink? [puA or ?*] p
 Wow!  This makes you feel good!
 Call a brilliant blue potion: restirabil
 It hits!
 The gnome thrusts his dagger.
 The gnome hits!
 You die...
 Do you want your possessions identified? [ynq] (y) y
 Do you want to see your attributes? [ynq] (y) y
 Do you want an account of creatures vanquished? [ynaq] (y) y
 Do you want to see your conduct and achievements? [ynq] (y) y
 Do you want to see the dungeon overview? [ynq] (y) y

Inventory:
 Coins    ('$')
  $ - 134 gold pieces
 Amulets  ('"')
  x - an uncursed amulet of reflection (being worn)
 Weapons  (')')
  o - 8 +0 arrows
  a - 12 +2 darts (at the ready)
  D - 24 +0 darts
  F - 3 cursed +0 daggers
  I - a +0 aklys
 Armor    ('[')
  E - a cursed +0 pair of iron shoes (being worn)
  K - an uncursed +0 pair of jumping boots
  C - an uncursed +0 pair of water walking boots
  H - an uncursed +0 dwarvish cloak (being worn)
  k - an uncursed +0 Hawaiian shirt with a jellyfish motif (being worn)
 Comestibles  ('%')
  c - 7 uncursed slime molds
  f - an uncursed apple
  B - an uncursed cram ration
  d - 4 uncursed food rations
  w - an uncursed orange
 Scrolls  ('?')
  s - an uncursed scroll of confuse monster
  v - an uncursed scroll of fire
  z - a blessed scroll of identify
  j - 2 uncursed scrolls of magic mapping
 Spellbooks  ('+')
  t - an uncursed spellbook of cause fear
 Potions  ('!')
  A - an uncursed potion of enlightenment
  u - a cursed potion of healing
 Rings    ('=')
  q - a cursed ring of teleportation
 Wands    ('/')
  n - a wand of slow monster (0:4)
 Tools    ('(')
  m - an uncursed credit card
  l - an expensive camera (0:77)
  r - an uncursed mirror
 Gems/Stones  ('*')
  G - an uncursed worthless piece of orange glass
  J - 2 uncursed worthless pieces of yellowish brown glass

DiePARTEI the Tourist's attributes:

Background:
 You were a Sightseer, a level 4 female human Tourist.
 You were neutral, on a mission for The Lady
 who was opposed by Blind Io (lawful) and Offler (chaotic).
 You were right-handed.
 You were in the Gnomish Mines, on level 6.
 You entered the dungeon 1231 turns ago.
 It was nighttime.
 There was a new moon in effect when your adventure ended.
 You had 120 experience points, 40 more were needed to attain level 5.

Basics:
 You had 0 out of 36 hit points.
 You had all 14 energy points (spell power).
 Your armor class was 8.
 Your wallet contained 134 zorkmids.
 Autopickup was off.

Final Characteristics:
 Your strength was 14 (limit:18/100).
 Your dexterity was 14 (limit:18).
 Your constitution was 10 (limit:18).
 Your intelligence was 13 (limit:18).
 Your wisdom was 9 (limit:18).
 Your charisma was 14 (limit:18).

Final Status:
 You weren't hungry.
 You were unencumbered.
 You were bare handed.
 You were unskilled in bare handed combat.

Final Attributes:
 You were devoutly aligned.
 Your items were somewhat protected from fire.
 Your items were somewhat protected from cold.
 You were warded.
 You had reflection.
 You are dead.

Miscellaneous:
 You encountered 1 bones level.
 Total elapsed playing time was 12 minutes and 59 seconds.

Major events:
 Turn
    1: DiePARTEI the neutral female human Tourist entered the dungeon
 1024: entered the Gnomish Mines
 1081: attained the rank of Sightseer (level 3)
 1231: killed by a gnome

You didn't know any spells.

Skills:
 Fighting Skills
   bare handed combat [Unskilled]
   two weapon combat  [Unskilled]
   riding             [Unskilled]
 Weapon Skills
   dagger             [Unskilled]
   knife              [Unskilled]
   axe                [Unskilled]
   pick-axe           [Unskilled]
   short sword        [Unskilled]
   broadsword         [Unskilled]
   long sword         [Unskilled]
   two-handed sword   [Unskilled]
   saber              [Unskilled]
   mace               [Unskilled]
   morning star       [Unskilled]
   flail              [Unskilled]
   hammer             [Unskilled]
   quarterstaff       [Unskilled]
   polearms           [Unskilled]
   spear              [Unskilled]
   trident            [Unskilled]
   lance              [Unskilled]
   bow                [Unskilled]
   sling              [Unskilled]
   crossbow           [Unskilled]
   dart               [Basic]
   shuriken           [Unskilled]
   boomerang          [Unskilled]
   whip               [Unskilled]
   unicorn horn       [Unskilled]
 Spellcasting Skills
   divination spells  [Unskilled]
   enchantment spells [Unskilled]
   escape spells      [Unskilled]

Voluntary challenges:
 Character rerolling was not enabled.
 You never hit with a wielded weapon.
 You never genocided any monsters.
 You never polymorphed an object.
 You never changed form.
 You used no wishes.
Achievements:
 You entered a shop.
 You entered the Gnomish Mines.
 You attained the rank of Sightseer.

 The Dungeons of Doom: levels 1 to 3
    Level 1:
    Level 2:
       A potion shop.
    Level 3:
       A fountain.
       Stairs down to The Gnomish Mines.
 The Gnomish Mines: levels 4 to 6
    Level 4:
    Level 5:
       A grave.
       Final resting place for
          Drastanta-Bar-Hum-Mal-Neu, killed by a dwarf.
    Level 6: <- You were here.
       Final resting place for
          you, killed by a gnome.


Vanquished creatures:
  3 gnome leaders
  a gnomish wizard
  3 dwarves
  a gas spore
 14 gnomes
  a gecko
  a jackal
  a fox
  a kobold
  a goblin
  4 grid bugs
  2 lichens
  4 newts
37 creatures vanquished.

No species were genocided or became extinct.

Game over:
                       ----------
                      /          \
                     /    REST    \
                    /      IN      \
                   /     PEACE      \
                  /                  \
                  |    DiePARTEI     |
                  |      134 Au      |
                  |   killed by a    |
                  |      gnome       |
                  |                  |
                  |                  |
                  |       2026       |
                 *|     *  *  *      | *
        _________)/\\_//(\/(/\)/\//\/|_)_______

Aloha DiePARTEI the Tourist...

You died in The Gnomish Mines on dungeon level 6 with 791 points,
and 134 pieces of gold, after 1231 moves.
You were level 4 with a maximum of 36 hit points when you died.

